 Dungeon Crawl Stone Soup version 0.17-a0-968-gf8e1f1d (webtiles) character file.

52 Gorice the Poker (level 3, 0/28 HPs)
             Began as a Centaur Wanderer on May 9, 2015.
             Slain by a worm (6 damage)
             ... on level 2 of the Dungeon.
             The game lasted 00:06:44 (1394 turns).

Gorice the Poker (Centaur Wanderer)                 Turns: 1394, Time: 00:06:44

Health: 0/28       AC:  6    Str: 15    XL:     3   Next: 60%
Magic:  0/6        EV:  3    Int: 12    God:
Gold:   91         SH:  0    Dex:  7    Spells: 0 memorised, 6 levels left

rFire  . . .     SeeInvis .     a - +3 spear
rCold  . . .     Clarity  .     l - +1 ring mail
rNeg   . . .     SustAb   .     (no shield)
rPois  .         Gourm    .     (no helmet)
rElec  .         Spirit   +     (no cloak)
rCorr  .         Warding  .     (no gloves)
rMut   .         Stasis   .     (no barding)
MR     .....                    p - amulet of guardian spirit
Stlth  ..........               (no ring)
                                j - ring of teleport control

@: slowed, not resistant to hostile enchantments, extremely unstealthy
A: hooves 3, deformed body, speed 2, tough skin 3
a: Evoke Teleport Control


You were on level 2 of the Dungeon.
You were hungry.

You visited 1 branch of the dungeon, and saw 2 of its levels.

You collected 91 gold pieces.

Inventory:

Hand weapons
 a - a +3 spear (weapon)
 h - a +0 hunting sling
Missiles
 f - 10 poisoned needles
 Z - 62 stones (quivered)
Armour
 l - a +1 ring mail (worn)
Jewellery
 g - a +2 ring of intelligence
 j - a ring of teleport control (left hand)
 p - an amulet of guardian spirit (around neck)
Scrolls
 i - a scroll of fear {unknown}
Potions
 c - a potion of curing
 m - a potion of flight {unknown}
 o - a potion of lignification {unknown}
Books
 b - the Guide on the Arsonist

   Spells                             Type                      Level
   a - Flame Tongue                   Conjuration/Fire             1
   b - Ignite Poison                  Fire/Transmutation/Poison    3
Comestibles
 e - 3 bread rations {!e}
 k - 2 fruits
 n - a slice of pizza
 q - a beef jerky


   Skills:
 - Level 1.0 Fighting
 * Level 3.0 Polearms
 - Level 1.3 Armour
 - Level 1.0 Stealth
 - Level 2.4 Spellcasting
   Level 1.0 Transmutations
   Level 1.0 Earth Magic
 - Level 1.0 Evocations


You had 6 spell levels left.
You didn't know any spells.

Dungeon Overview and Level Annotations

Branches:
Dungeon (2/15)

Altars:
Kikubaaqudgha

Annotations:
D:2 Natasha


Innate Abilities, Weirdness & Mutations

You have hooves in place of feet.
Armour fits poorly on your strangely shaped body.
You cover ground very quickly.
You have extremely tough skin (AC +3).


Message History

You kill the giant newt!
Attack whom?
Press: ? - help, Dir - move target cursor, f - Natasha
Aim: Natasha You reach to attack!
You closely miss Natasha.
Natasha casts a spell.
You have a terrible headache.
Natasha casts a spell at you. The magic dart hits you!
Damage: 1 (max 1) Attack whom?
Press: ? - help, Dir - move target cursor, f/p - Natasha
Aim: Natasha You reach to attack!
You puncture Natasha!
Natasha is heavily wounded.
You hit Natasha. Your kick misses Natasha.
Natasha is severely wounded.
Natasha stares at you and mumbles some strange words.
You resist with significant effort.
You barely miss Natasha.
Natasha is severely wounded.
Natasha claws you.
Damage: 1 (max 1)
You hit Natasha. Your kick misses Natasha.
Natasha is almost dead.
Natasha closely misses you.
You closely miss Natasha.
Natasha is almost dead.
Natasha claws you but does no damage.
You barely miss Natasha.
Natasha is almost dead.
Natasha claws you but does no damage.
You closely miss Natasha.
Natasha is almost dead.
Natasha casts a spell at you.
You feel yourself slow down.
You closely miss Natasha.
Natasha is almost dead.
Natasha casts a spell.
You closely miss Natasha.
Natasha is almost dead.
Natasha growls.
Natasha claws you. The worm closely misses you. The white imp gestures at you.
The puff of frost hits you! Natasha claws you!
* * * LOW HITPOINT WARNING * * *
Damage: 19 (max 19)
The white imp hits you but does no damage.
Natasha claws you but does no damage. The worm bites you!
You die...

#.....## ... #...w..###.##
......... #............ ....
.... #'#$.####.. .........
#h#........ #.#.....#
####.#..########.#.....#
#................#.....+
#.##.##..#......5......#
#.##...........h@.......
#'######.#.....w..##+###
..[...##.#.........#.#
......##...........#.# #
....).###.####.#...#.######.#
............................#
...............##.##.###.####
......####..#..##.##.###.####.#
#'##### ##.#...#.##.#........#


You could see a worm, Natasha and a white imp.

Vanquished Creatures
  2 adders (D:1)
  An ooze (D:2)
  A giant gecko (D:1)
  2 giant cockroaches (D:2)
  6 goblins
  8 hobgoblins (D:1)
  2 bats
  5 giant newts
  3 kobolds (D:1)
  A rat (D:1)
31 creatures vanquished.

Notes
Turn   | Place    | Note
--------------------------------------------------------------
     0 | D:1      | Gorice, the Centaur Wanderer, began the quest for the Orb.
     0 | D:1      | Gorice set off with: a +2 spear, the Guide on the Arsonist, a potion of curing, a +0 robe, a bread ration {!e}
     0 | D:1      | Reached XP level 1. HP: 16/16 MP: 3/3
     0 | D:1      | Identified the Guide on the Arsonist
   147 | D:1      | Reached skill level 1 in Polearms
   174 | D:1      | Reached XP level 2. HP: 20/23 MP: 3/5
   568 | D:1      | Reached skill level 2 in Polearms
   811 | D:2      | Reached XP level 3. HP: 26/28 MP: 4/6
   818 | D:2      | Found an ancient bone altar of Kikubaaqudgha.
   981 | D:2      | Noticed Natasha
  1102 | D:1      | Reached skill level 3 in Polearms
  1104 | D:1      | HP: 8/28 [poisoned by an adder]
  1110 | D:1      | HP: 6/28 [poisoned by an adder]
  1118 | D:1      | HP: 5/28 [poisoned by an adder]
  1393 | D:2      | HP: 6/28 [Natasha (7)]
  1394 | D:2      | Slain by a worm

Action                   || total
-------------------------++-------
Melee: Spear             ||   115
  Use: Scroll            ||     6

Table legend:
 A = Turns spent in this place as a percentage of turns spent in the entire game.
 B = Non-inter-level travel turns spent in this place as a percentage of non-inter-level travel turns spent in the entire game.
 C = Inter-level travel turns spent in this place as a percentage of turns spent in this place.
 D = Turns resting spent in this place as a percentage of non-inter-level travel turns spent in this place.
 E = Turns spent auto-exploring this place as a percentage of non-inter-level travel turns spent in this place.
 F = Non-inter-level travel turns spent in this place divided by the number of levels of this place that you've seen.
                   A       B       C       D       E      F
               +-------+-------+-------+-------+-------+----------------------
         Total | 100.0 | 100.0 |   0.2 |   3.7 |   5.7 | 244.5
       Dungeon | 100.0 | 100.0 |   0.2 |   3.7 |   5.7 | 244.5
               +-------+-------+-------+-------+-------+----------------------

Vault maps used:
D:1:      lightli_arrival_farm, glass_columns_b
D:2:      old_standard_altar, first_bread, st_stairs_11, minmay_box_of_dots,
          uniq_natasha
